 Dungeon Crawl Stone Soup version 0.20-a0-517-g5f97612 (webtiles) character file.

78 kae the Slasher (level 4, -1/37 HPs)
             Began as a Barachian Fighter on Jan 24, 2017.
             Slain by a hobgoblin
             ... wielding a +0 club
             ... led by Robin
              (3 damage)
             ... on level 2 of the Dungeon.
             The game lasted 00:02:09 (1879 turns).

kae the Slasher (Barachian Fighter)                 Turns: 1879, Time: 00:02:10

Health: -1/37      AC:  9    Str: 15    XL:     4   Next: 36%
Magic:  4/4        EV:  6    Int:  8    God:
Gold:   98         SH:  8    Dex: 10    Spells: 3/3 levels left

rFire    . . .     SeeInvis .   a - +0 long sword
rCold    . . .     Gourm    .   b - +1 scale mail
rNeg     . . .     Faith    .   c - +0 shield
rPois    .         Spirit   .   (no helmet)
rElec    .         Reflect  .   m - +0 cloak (curse)
rCorr    .         Harm     .   (no gloves)
MR       .....                  (no boots)
Stlth    ..........             (no amulet)
Regen    0.2/turn               (no ring)
                                l - +2 ring of intelligence

@: slow
A: swims, slowness 1, strong legs 1
a: Hop


You were on level 2 of the Dungeon.
You were not hungry.

You visited 1 branch of the dungeon, and saw 3 of its levels.

You collected 98 gold pieces.

Inventory:

Hand Weapons
 a - a +0 long sword (weapon)
Armour
 b - a +1 scale mail (worn)
 c - a +0 shield (worn)
 m - a cursed +0 cloak (worn)
Jewellery
 l - a +2 ring of intelligence (left hand)
Scrolls
 e - 3 scrolls of identify {unknown}
 g - a scroll of recharging
 i - a scroll of teleportation
Potions
 d - 3 potions of might
 h - a potion of haste {unknown}
 k - a potion of cure mutation {unknown}
Comestibles
 f - 3 bread rations
 j - a meat ration


   Skills:
 + Level 3.9 Fighting
 * Level 4.0 Long Blades
 + Level 3.7 Armour
 - Level 3.0 Shields


You had 3 spell levels left.
You didn't know any spells.

Dungeon Overview and Level Annotations

Branches:
Dungeon (3/15)

Altars:

Annotations:
D:3 Robin


Innate Abilities, Weirdness & Mutations

You can swim through water.
You cover ground slowly.
You can hop short distances.


Message History

The hobgoblin hits you but does no damage.
The goblin hits you but does no damage. The goblin hits you.
You closely miss the goblin. The hobgoblin hits you with a club.
The goblin hits you but does no damage. The goblin hits you with a club.
* * * LOW HITPOINT WARNING * * *
You block the hobgoblin's attack.
The goblin hits you but does no damage. x2
The hobgoblin hits you but does no damage.
The goblin hits you but does no damage. x2
You closely miss the goblin. You block the hobgoblin's attack.
The goblin hits you but does no damage. The goblin barely misses you.
The goblin hits you with a club.
* * * LOW HITPOINT WARNING * * *
You block the hobgoblin's attack. The goblin completely misses you.
You riposte.
You slash the goblin!
You kill the goblin!
Okay, then.
The goblin hits you.
* * * LOW HITPOINT WARNING * * *
The goblin hits you but does no damage. The hobgoblin hits you with a club.
You die...

....##.# #...#.# ###### #...
######†# ##.÷#.# #....#####.
####'#####..#.# #....##....
#...........#.# #....##.###
#...........#)# #....##....
#.........#.#)# #....##..##
####'######.#.## ####...####
#.# #[.g.########...).##.
#.# ##.g@#.....#.8...8.#.
#.#######.gg#.####..........
#.......##.g#.####....⌠.....
#######.##.......#..........
#(##....##.##.8...8.##
#.....#.....##.....##
###.###.###.###...## #.....#
#......## ####### ########


You could see 2 hobgoblins and 3 goblins.

Vanquished Creatures
  2 adders (D:2)
  3 worms
  A leopard gecko (D:1)
  6 bats
  11 goblins
  7 hobgoblins
  A quokka (D:2)
  A ball python (D:2)
  8 frilled lizards
  7 kobolds
  5 rats
52 creatures vanquished.

Notes
Turn   | Place    | Note
-------+----------+-------------------------------------------
     0 | D:1      | kae the Barachian Fighter began the quest for the Orb.
     0 | D:1      | Reached XP level 1. HP: 18/18 MP: 1/1
   286 | D:1      | Reached XP level 2. HP: 24/24 MP: 2/2
   332 | D:1      | Reached skill level 3 in Long Blades
   629 | D:1      | Reached XP level 3. HP: 23/29 MP: 3/3
  1273 | D:2      | Reached XP level 4. HP: 36/37 MP: 4/4
  1601 | D:2      | Reached skill level 4 in Long Blades
  1831 | D:3      | Noticed Robin
  1879 | D:2      | Slain by a hobgoblin

Vault maps used:
D:1:      dpeg_arrival_brainrot, minmay_split_cup_large
D:2:      wad_floor_pattern_untrapped, minmay_tall_x
D:3:      grunt_temple_overflow_gold_and_silver, minmay_misc_feat_plants,
          lexackson_kobold_supper, uniq_iyjb, uniq_robin, uniq_sigmund,
          uniq_crazy_yiuf_cottage

Skill      XL: |  1  2  3  4 |
---------------+-------------+-----
Long Blades    | 3 4 |  4.0
Fighting       | |  3.9
Armour         | |  3.7
Shields        | |  3.0

Action                   |  1- 3 |  4- 6 || total
-------------------------+-------+-------++-------
Melee: Long sword        |   147 |    52 ||   199
 Abil: Hop               |     2 |     1 ||     3
  Use: Scroll            |     4 |       ||     4
  Eat: Chunk             |     2 |     2 ||     4
Armor: Scale mail        |   100 |    24 ||   124
Dodge: Dodged            |    51 |    18 ||    69
Block: Shield            |    94 |    28 ||   122
       Rpst.: Long sword |    24 |     5 ||    29
